 Dungeon Crawl Stone Soup version 0.18.1-47-g9310371 (webtiles) character file.

140 M4edhros the Sneak (level 5, 0/33 HPs)
             Began as an Octopode Artificer on June 21, 2016.
             Killed from afar by an orc wizard (8 damage)
             ... with a magic dart
             ... on level 4 of the Dungeon.
             The game lasted 00:02:02 (1433 turns).

M4edhros the Sneak (Octopode Artificer)             Turns: 1433, Time: 00:02:04

Health: 0/33       AC:  1    Str: 11    XL:     5   Next: 23%
Magic:  7/7        EV: 18    Int: 14    God:
Gold:   28         SH:  0    Dex: 18    Spells: 0 memorised, 4 levels left

rFire  . . .     SeeInvis .     p - +1 dagger (venom)
rCold  . . .     Gourm    .     (no shield)
rNeg   . . .     Faith    .     (helmet restricted)
rPois  .         Spirit   .     (no amulet)
rElec  .         Dismiss  .     (no ring)
rCorr  .         Reflect  .     (no ring)
SustAt .         Harm     .     (no ring)
MR     .....                    (no ring)
Stlth  ++++++....               (no ring)
                                (no ring)
                                (no ring)
                                (no ring)

@: agile, not resistant to hostile enchantments, very stealthy
A: almost no armour, amphibious, 8 rings, constrict 8, camouflage 1, gelatinous
body 1
a: no special abilities


You were on level 4 of the Dungeon.
You were hungry.

You visited 1 branch of the dungeon, and saw 4 of its levels.

You collected 28 gold pieces.

Inventory:

Hand Weapons
 a - a +0 short sword
 e - a +0 hunting sling
 p - a +1 dagger of venom (weapon)
Missiles
 l - 13 sling bullets
 m - 6 stones (quivered)
Wands
 b - a wand of flame (15/48)
 c - a wand of enslavement (15/24)
 d - a wand of random effects (15/48)
 h - a wand of random effects (22/48)
Scrolls
 g - a scroll of remove curse {unknown}
 i - a scroll of enchant weapon {unknown}
 j - a scroll of magic mapping {unknown}
 k - a scroll of enchant armour {unknown}
 q - a scroll of teleportation {unknown}
 r - a scroll of blinking {unknown}
Comestibles
 f - a bread ration
 o - 2 beef jerkies


   Skills:
 - Level 1.0 Fighting
 - Level 1.0 Short Blades
 - Level 2.0 Dodging
 + Level 7.1 Stealth
 - Level 3.2 Evocations


You had 4 spell levels left.
You didn't know any spells.

Dungeon Overview and Level Annotations

Branches:
Dungeon (4/15)
 Temple: D:4-7

Altars:

Annotations:
D:4 Pikel


Innate Abilities, Weirdness & Mutations

You cannot wear most types of armour.
You are amphibious.
You can wear up to eight rings at the same time.
You can use your tentacles to constrict eight enemies at once.
Your skin changes colour to match your surroundings (Stealth).
Your rubbery body absorbs attacks (AC +1).


Message History

You kill the orc!
You barely miss Pikel. Your grab misses Pikel. Pikel closely misses you.
You hit Pikel but do no damage.
Pikel is poisoned.
Your grab misses Pikel. Your squeeze misses Pikel.
Pikel hits you with a whip of freezing. Pikel freezes you.
You closely miss Pikel. Your grab misses Pikel. You squeeze Pikel.
Pikel is lightly wounded.
The orc wizard casts a spell.
The orc wizard seems to speed up.
Pikel says, "I'm sure you'll love being tied up!"
Pikel hits you with a whip of freezing! Pikel freezes you.
You hear a shout! x2
You hit Pikel but do no damage.
Pikel looks even sicker.
You grab Pikel.
Pikel is lightly wounded.
You constrict Pikel, but do no damage. Pikel hits you with a whip of freezing.
Pikel freezes you.
* * * LOW HITPOINT WARNING * * *
The orc wizard points at you and mumbles some strange words.
The magic dart hits you!
You die...

......#...>...............#
......#...................#
##..)###...###...##.#######
#...# #...# #...##.##....#
#.... #......#....#.....(.#
#.... #......#....#.......#
#... #......#....#.......#
#......#....#.......#
#......#..@KO.......#
#......#...o#.......#
##############'#######
#......ยง......#
#.............#
#....o........#
#..K..........#
#.............#
#...o...#######


You could see Pikel, an ogre and an orc wizard.

Vanquished Creatures
  2 slaves
  An orc priest (D:3)
  An orc wizard (D:3)
  A worker ant (D:4)
  2 adders
  An adder skeleton (D:4)
  A worm (D:3)
  2 giant geckos
  4 orcs
  3 bats
  A giant cockroach (D:3)
  6 hobgoblins
  A giant newt (D:1)
  2 goblins (D:3)
  3 kobolds (D:3)
  2 rats (D:1)
33 creatures vanquished.

Notes
Turn   | Place    | Note
--------------------------------------------------------------
     0 | D:1      | M4edhros the Octopode Artificer began the quest for the Orb.
     0 | D:1      | Reached XP level 1. HP: 13/13 MP: 3/3
    33 | D:1      | Reached skill level 2 in Stealth
   309 | D:1      | Reached skill level 3 in Stealth
   309 | D:1      | Reached XP level 2. HP: 18/18 MP: 4/4
   786 | D:3      | Reached skill level 5 in Stealth
   786 | D:3      | Reached XP level 3. HP: 20/23 MP: 5/5
   794 | D:3      | Reached XP level 4. HP: 26/28 MP: 6/6
   852 | D:3      | Reached skill level 6 in Stealth
  1075 | D:4      | Reached XP level 5. HP: 33/33 MP: 7/7
  1084 | D:4      | Noticed a slave
  1085 | D:4      | Noticed Pikel
  1085 | D:4      | Noticed a slave
  1086 | D:4      | Noticed a slave
  1088 | D:4      | Noticed a slave
  1116 | D:3      | Killed a slave
  1403 | D:4      | Reached skill level 7 in Stealth
  1417 | D:4      | Noticed an ogre
  1426 | D:4      | Killed a slave
  1433 | D:4      | Killed from afar by an orc wizard

Skill      XL: |  1  2  3  4  5 |
---------------+----------------+-----
Stealth        | 3 5 6 7 |  7.1
Fighting       | |  1.0
Short Blades   | |  1.0
Dodging        | |  2.0
Evocations     | |  3.2

Action                   |  1- 3 |  4- 6 || total
-------------------------+-------+-------++-------
Melee: Short sword       |    26 |       ||    26
       Constrict         |     8 |     8 ||    16
       Tentacles         |     2 |     4 ||     6
       Dagger            |    20 |    37 ||    57
  Use: Potion            |     2 |     1 ||     3
 Stab: Sleeping          |     8 |     8 ||    16
  Eat: Chunk             |       |     1 ||     1
Armor: Skin              |    12 |     6 ||    18
Dodge: Dodged            |    13 |    11 ||    24
